Map: Dreamcatcher LE

Players

HeroMarine - Winner!

  • Race: Terran Terran
  • Spawn Location: 5:00

mLty

  • Race: Zerg Zerg
  • Spawn Location: 11:00

Event: WCS Montreal 2018

VOD

Have the link to the VOD?

Description

Time

  • Played on: Sept. 7, 2018, 12:27 p.m.
  • Length: 5:04

All games in this series

Show
View Real Time Build Order
Export as new Build Order

HeroMarine Terran - Winner!

Build Orders: Hellion Banshee 

Get SALT Encoding   

  12  0:00  SCV  
  13  0:12  SCV  
  14  0:17  Supply Depot  
  14  0:24  SCV  
  15  0:38  SCV  
  15  0:40  Barracks  
  16  0:44  Refinery  
  16  0:50  SCV  
  17  1:02  SCV  
  18  1:14  SCV  
  19  1:26  Marine  
  19  1:27  Orbital Command  
  20  1:40  Command Center  
  20  1:51  Factory  
  20  1:54  SCV  
  21  2:03  Barracks Reactor  
  21  2:06  SCV  
  22  2:09  Supply Depot  
  22  2:14  Refinery  
  22  2:18  SCV  
  23  2:30  SCV  
  23  2:34  Hellion  
  26  2:39  Starport, Marine x2  
  26  2:42  SCV  
  29  2:51  Orbital Command  
  29  2:55  SCV  
  30  3:06  Hellion  
  30  3:07  Hellion  
  30  3:09  Marine  
  35  3:16  Medivac  
  35  3:18  Armory  
  37  3:28  Hellion x2  
  37  3:31  SCV x2  
  37  3:33  Barracks Tech Lab  
  43  3:37  Supply Depot  
  43  3:48  Supply Depot  
  45  3:55  Hellion  
  45  3:59  Hellion  
  45  4:02  Banshee  
  50  4:07  SCV x2  
  50  4:19  SCV x2  
  50  4:22  Hellion x2  
  56  4:27  Hellion  
  56  4:30  Supply Depot  
  57  4:31  SCV x2  
  58  4:43  SCV x2  
  69  5:02  Supply Depot  
Show
View Real Time Build Order
Export as new Build Order

mLty Zerg 

Build Orders: Hatch First 

Get SALT Encoding   

  12  0:00  Drone  
  13  0:13  Overlord  
  13  0:18  Drone  
  14  0:31  Drone  
  14  0:32  Drone  
  16  0:49  Hatchery  
  15  0:51  Drone  
  15  0:54  Drone  
  17  0:58  Drone  
  18  1:08  Extractor  
  17  1:13  Spawning Pool  
  17  1:16  Drone  
  17  1:20  Drone  
  18  1:28  Drone  
  19  1:39  Overlord  
  19  1:52  Drone  
  20  2:01  Queen x2  
  20  2:02  Zergling x4  
  26  2:08  Metabolic Boost  
  26  2:12  Drone  
  26  2:13  Drone  
  28  2:23  Overlord  
  28  2:27  Drone  
  29  2:33  Drone  
  30  2:37  Queen  
  32  2:46  Lair  
  32  2:48  Extractor  
  32  2:50  Extractor, Drone  
  32  2:51  Drone  
  32  2:53  Drone  
  32  2:55  Drone  
  32  3:13  Drone x6  
  38  3:20  Spine Crawler  
  38  3:23  Drone  
  38  3:24  Drone  
  39  3:43  Spire  
  39  3:46  Drone  
  39  3:47  Drone x3  
  42  3:58  Overlord  
  42  3:59  Overlord x2  
  40  4:27  Queen  
Tags
 
Add a new tag
Caveats
  • Supply blocks, unpowered buildings, or Contaminate may cause inaccurate times.
  • Supply counts are checked every 10 seconds.